 Dungeon Crawl Stone Soup version 0.24.1-1-gd1d2a07e1b (webtiles) character file.

Game seed: 9680529242644088254, levelgen mode: deterministic

111687 Peloso the Peltast (level 16, -2/147 HPs)
             Began as a Minotaur Fighter on Apr 8, 2020.
             Was the Champion of Okawaru.
             Drowned by a drowned soul (16 damage)
             ... summoned by a merfolk avatar
             ... on level 1 of the Shoals.
             The game lasted 01:17:53 (27671 turns).

Peloso the Peltast (Minotaur Fighter)              Turns: 27671, Time: 01:17:54

Health: -2/147     AC: 32    Str: 33    XL:     16   Next: 10%
Magic:  15/16      EV: 18    Int:  5    God:    Okawaru [******]
Gold:   2456       SH: 22    Dex: 15    Spells: 15/15 levels left

rFire    . . .     SeeInvis .   a - +2 double sword (holy)
rCold    + . .     Gourm    .   c - +0 shield
rNeg     . . .     Faith    .   X - +9 scale mail of Cion {Dex+2}
rPois    +         Spirit   .   (helmet restricted)
rElec    .         Reflect  +   y - +2 cloak {rPois}
rCorr    .         Harm     .   s - +1 pair of gloves {Str+3}
MR       +....                  O - +2 pair of boots
Stlth    +.........             R - +3 amulet of reflection
HPRegen  0.34/turn              W - ring of protection from cold
MPRegen  0.15/turn              J - +1 ring of protection

@: mighty, heroism, mesmerised, very slow
A: retaliatory headbutt, horns 2
a: Heroism, Finesse, Renounce Religion


You were on level 1 of the Shoals.
You worshipped Okawaru.
Okawaru was exalted by your worship.
You were not hungry.

You visited 5 branches of the dungeon, and saw 25 of its levels.
You also visited: Gauntlet.

You collected 2456 gold pieces.

Inventory:

Hand Weapons
 a - a +2 double sword of holy wrath (weapon)
 b - a +1 falchion of flaming
Armour
 c - a +0 shield (worn)
 g - the +0 cloak of the Morning Star {*Slow +Fly rN+++ MR+}
   (You found it in a Gauntlet)

   It renders you almost immune to negative energy.
   It affects your resistance to hostile enchantments.
   It lets you fly.
   It may slow you when you take damage.
 s - a +1 pair of gloves of strength (worn)
 y - a +2 cloak of poison resistance (worn)
 O - a +2 pair of boots (worn)
 X - the +9 scale mail of Cion (worn) {Dex+2}
   (You found it on level 6 of the Lair of Beasts)

   It affects your dexterity (+2).
Jewellery
 h - an uncursed amulet of regeneration
 E - an uncursed ring of resist corrosion
 J - a +1 ring of protection (right hand)
 Q - the amulet "Yweossism" {Gourm *Corrode Int+4 Stlth+}
   (You found it in a Gauntlet)

   [amulet of the gourmand]

   It allows you to eat raw meat even when not hungry.
   It affects your intelligence (+4).
   It may corrode you when you take damage.
   It makes you more stealthy.
 R - a +3 amulet of reflection (around neck)
 W - a ring of protection from cold (left hand)
Wands
 A - a wand of digging (5)
Scrolls
 i - a scroll of identify
 l - 4 scrolls of magic mapping
 n - 6 scrolls of blinking
 r - 3 scrolls of noise
 t - 7 scrolls of remove curse
 v - 4 scrolls of teleportation
 F - 4 scrolls of fear
 K - a scroll of summoning
 M - 2 scrolls of acquirement {unknown}
 N - a scroll of silence {unknown}
Potions
 d - 5 potions of might
 u - 7 potions of curing
 w - a potion of resistance
 x - 2 potions of agility
 B - a potion of cancellation
 C - 8 potions of haste
 D - 3 potions of heal wounds
 P - 6 potions of lignification
Miscellaneous
 e - a crystal ball of energy
Comestibles
 f - 44 rations
 j - a chunk of flesh


   Skills:
 + Level 14.6(19.6) Fighting
 + Level 16.4(21.4) Long Blades
 + Level 15.4(20.4) Armour
 + Level 6.3(11.3) Dodging
 + Level 1.4(6.4) Stealth
 + Level 19.2(24.2) Shields
 + Level 2.6 Invocations
 + Level 0.4 Evocations


You had 15 spell levels left.
You didn't know any spells.
Your spell library contained the following spells:

 Spells                   Type           Power        Failure   Level  Hunger
 Magic Dart               Conj           #...         61%         1    ##.....
 Sandblast                Erth           #.....       61%         1    ##.....
 Blink                    Tloc           N/A          75%         2    ###....
 Call Imp                 Summ           #.......     75%         2    ###....
 Passwall                 Tmut/Erth      #.......     75%         2    ###....
 Slow                     Hex            #.......     75%         2    ###....
 Conjure Flame            Conj/Fire      #.......     93%         3    ####...
 Mephitic Cloud           Conj/Pois/Air  #.......     93%         3    ####...
 Stone Arrow              Conj/Erth      #.....       93%         3    ####...
 Petrify                  Tmut/Erth      #.......     100%        4    #####..
 Bolt of Magma            Conj/Fire/Erth #.........   100%        5    ######.
 Iskenderun's Battlesphe  Conj/Chrm      #.......     100%        5    ######.
 Lee's Rapid Deconstruct  Erth           #.........   100%        5    ######.
 Venom Bolt               Conj/Pois      #.........   100%        5    ######.
 Iron Shot                Conj/Erth      #.........   100%        6    #######
 Orb of Destruction       Conj           #.........   100%        7    #######
 Spellforged Servitor     Conj/Summ      #.........   100%        7    #######


Dungeon Overview and Level Annotations

Branches:
Dungeon (15/15)            Temple (1/1) D:5            Lair (6/6) D:10
 Shoals (1/4) Lair:3        Snake (0/4) Lair:2        Slime (0/5) Lair:5
    Orc (2/2) D:9             Elf (0/3) Orc:2        Vaults (0/5) D:13
 Depths (0/5) D:15        Gauntlet (visited)

Altars:
Ashenzari
Cheibriados
Dithmenos
Elyvilon
Fedhas
Gozag
Hepliaklqana
Kikubaaqudgha
Makhleb
Nemelex Xobeh
Okawaru
Qazlal
Ru
Sif Muna
Trog
Uskayaw
Vehumet
Wu Jian
Xom
Yredelemnul
Zin
The Shining One
Beogh

Shops:
D:4 %   Orc:2 ***%:

Annotations:
Lair:1 exclusion: orange crystal statue


Innate Abilities, Weirdness & Mutations

You reflexively headbutt those who attack you in melee.
You have a pair of horns on your head.


Message History

You destroy the drowned soul!
The pull of its song draws you forwards.
The drowned soul touches you. The drowned soul drowns you!
* * * LOW HITPOINT WARNING * * *
You block the drowned soul's attack.
The merfolk avatar chants its luring song.
Found 12 gold pieces.
Your unstable footing causes you to fumble your attack.
The merfolk avatar chants its luring song.
Unknown command.
You slice the merfolk avatar!!
The merfolk avatar is moderately wounded.
The drowned soul touches you. The drowned soul drowns you!
* * * LOW HITPOINT WARNING * * *
Unknown command.
You closely miss the merfolk avatar. You headbutt the merfolk avatar.
The merfolk avatar is moderately wounded.
The merfolk avatar chants its luring song.
The drowned soul touches you. The drowned soul drowns you!
You die...

#...≈≈≈≈≈≈.# ###
#..≈..$≈...## ####
#..##.≈≈...≈....# ##...
#.....≈≈....≈≈..# ##.≈≈≈
#..≈≈≈≈≈≈.##≈≈≈.# #.†≈≈≈
#.≈≈≈≈≈≈≈.##≈≈≈≈###..≈≈≈
.≈≈≈≈≈≈≈≈...≈≈≈......≈≈≈
≈≈≈≈≈≈W≈≈≈≈≈)≈≈≈...≈...≈
≈≈≈W≈≈m@..≈≈)≈≈≈.......≈
≈≈≈WW≈≈≈≈..≈≈≈≈≈...###..
≈≈≈≈≈≈≈≈.###.≈≈≈..####†.
≈≈≈≈≈≈...###.≈≈≈≈..##(.≈
≈≈≈≈≈≈≈..##..≈≈≈≈≈.....≈
≈≈≈≈≈≈≈≈..#.?≈≈≈≈≈......
≈≈≈≈≈≈≈≈....≈≈≈≈≈≈..###)
.$..##......≈≈≈≈≈≈..###.
##...≈≈≈≈≈≈≈≈≈.....


You could see a merfolk avatar and 4 drowned souls.

Vanquished Creatures
  Gastronok (D:8)
  A fire giant (D:15)
  An orc warlord (Orc:2)
  A minotaur (Gauntlet)
  A fire dragon (Lair:6)
  Fannar (D:12)
  A hell beast (Gauntlet)
  10 hydras
  A death knight (D:11)
  A catoblepas (Lair:6)
  An alligator snapping turtle (Shoals:1)
  3 two-headed ogres
  A tengu warrior (D:7)
  4 centaur warriors
  The ghost of Curus the Severer, a novice DrBe of Trog (D:9)
  3 orc high priests
  3 death yaks (Lair:5)
  Nergalle (Lair:3)
  A deep elf knight (D:15)
  3 sea snakes (Shoals:1)
  A swamp dragon (Lair:6)
  A fire crab (Gauntlet)
  Pikel (D:5)
  A lindwurm (Lair:5)
  A necromancer (D:13)
  5 orc knights
  A wolf spider zombie (D:12)
  31 ugly things
  A manticore (D:15)
  5 orc sorcerers
  An oklob plant (Lair:6)
  A moth of wrath (D:7)
  A cyclops (D:11)
  The ghost of Kaiern the Caller, a novice OgSu (D:7)
  2 merfolk sirens (Shoals:1)
  Joseph (Lair:1)
  5 black mambas
  A torpor snail (Lair:3)
  15 elephants
  A water nymph (Shoals:1)
  10 spiny frogs
  2 gargoyles (D:14)
  9 komodo dragons
  3 rime drakes (Lair:6)
  A kobold demonologist (D:15)
  2 freezing wraiths (D:11)
  A tengu conjurer (D:15)
  2 merfolk (Shoals:1)
  11 polar bears
  6 trolls
  6 slime creatures
  2 hornets
  2 dream sheep (D:9)
  5 raiju (Lair:6)
  20 blink frogs
  2 snapping turtles (Shoals:1)
  7 hippogriffs
  A wraith (D:11)
  8 flying skulls (Gauntlet)
  6 wyverns
  2 vampires
  46 yaks
  Sigmund (D:6)
  2 shadows
  2 fire bats (Gauntlet)
  Eustachio (D:5)
  4 basilisks
  6 vampire mosquitoes (D:14)
  A steam dragon (D:10)
  Edmund (D:5)
  3 acid dragons
  16 water moccasins
  6 wargs
  14 hell hounds
  2 swamp drakes (Lair:6)
  26 orc warriors
  16 black bears
  7 porcupines
  An ice beast (shapeshifter) (D:13)
  4 ice beasts
  7 sky beasts
  9 ogres
  3 eyes of draining
  20 wolves
  4 phantoms
  4 boggarts (Lair:4)
  9 centaurs
  15 crocodiles
  11 big kobolds
  19 bullfrogs
  A wyvern zombie (D:13)
  A gnoll sergeant (D:7)
  A water moccasin zombie (D:11)
  5 scorpions
  10 killer bees
  13 wights (D:14)
  5 howler monkeys
  A bullfrog zombie (D:6)
  10 crimson imps
  5 centaur zombies
  7 hounds
  3 quasits
  7 jellies
  16 orc priests
  30 orc wizards
  A bullfrog skeleton (D:12)
  6 centaur skeletons
  4 iguanas
  11 worker ants
  A hound zombie (D:7)
  2 hound skeletons
  2 worker ant zombies
  8 gnolls
  10 adders
  4 shadow imps
  An adder skeleton (D:9)
  An adder zombie (D:5)
  3 dart slugs
  4 leopard geckos
  83 orcs
  3 giant cockroaches
  3 goblins
  6 hobgoblins
  16 jackals
  4 quokkas
  3 ball pythons
  8 bats
  3 frilled lizards
  A jackal skeleton (D:4)
  21 kobolds
  A leopard gecko zombie (D:7)
  8 rats
  2 fungi (Lair:6)
820 creatures vanquished.

Vanquished Creatures (others)
  2 slaves (D:5)
  An ogre (D:5)
  A centaur (D:5)
  2 orc priests
  An orc (D:5)
  A frilled lizard (D:5)
  A bush (Lair:3)
  6 fungi
  9 plants (Lair:6)
  14 withered plants (Gauntlet)
38 creatures vanquished.

Grand Total: 858 creatures vanquished

Notes
Turn   | Place    | Note
-------+----------+-------------------------------------------
     0 | D:1      | Peloso the Minotaur Fighter began the quest for the Orb.
     0 | D:1      | Reached XP level 1. HP: 19/19 MP: 0/0
   279 | D:1      | Reached XP level 2. HP: 27/27 MP: 1/1
   516 | D:2      | Reached skill level 4 in Shields
   981 | D:2      | Reached XP level 3. HP: 31/33 MP: 2/2
  1607 | D:3      | Reached XP level 4. HP: 40/40 MP: 3/3
  1649 | D:3      | Reached XP level 5. HP: 28/47 MP: 4/4
  1695 | D:3      | Found a shimmering altar of Xom.
  1695 | D:3      | Found a shimmering altar of Xom.
  1696 | D:3      | Found a shimmering altar of Xom.
  1697 | D:3      | Found a shimmering altar of Xom.
  1697 | D:3      | Found a shimmering altar of Xom.
  1697 | D:3      | Found a shimmering altar of Xom.
  2118 | D:3      | Reached skill level 1 in Dodging
  2366 | D:4      | Reached skill level 5 in Long Blades
  2404 | D:3      | Reached XP level 6. HP: 35/53 MP: 5/5
  2617 | D:4      | Reached skill level 5 in Shields
  2803 | D:4      | Reached skill level 5 in Fighting
  2910 | D:4      | Reached skill level 5 in Armour
  2958 | D:4      | Found Ipogas's Food Shoppe.
  3240 | D:5      | Entered Level 5 of the Dungeon
  3243 | D:5      | Reached XP level 7. HP: 56/61 MP: 6/6
  3323 | D:5      | Found a snail-covered altar of Cheibriados.
  3327 | D:5      | Noticed Pikel
  3375 | D:5      | Killed Pikel
  3375 | D:5      | Reached skill level 6 in Shields
  3375 | D:5      | Reached XP level 8. HP: 49/69 MP: 7/7
  3515 | D:5      | Found a blossoming altar of Fedhas.
  3539 | D:5      | Noticed Eustachio
  3661 | D:5      | Killed Eustachio
  3661 | D:5      | Reached skill level 7 in Shields
  3799 | D:5      | Found a staircase to the Ecumenical Temple.
  3824 | Temple   | Entered the Ecumenical Temple
  4022 | D:5      | Noticed Edmund
  4033 | D:5      | Killed Edmund
  4304 | D:6      | Reached XP level 9. HP: 69/78 MP: 8/8
  4448 | D:6      | Found a shimmering altar of Xom.
  4584 | D:6      | Reached skill level 8 in Shields
  4647 | D:6      | Found a hazy altar of Hepliaklqana.
  4736 | D:6      | Noticed Sigmund
  4759 | D:6      | Killed Sigmund
  5165 | D:7      | Found a transporter.
  5188 | D:7      | Found a bloodstained altar of Trog.
  5192 | D:7      | Noticed Kaiern's ghost (novice OgSu)
  5214 | D:7      | Reached skill level 9 in Shields
  5282 | D:7      | Found a transporter.
  5282 | D:7      | Noticed a moth of wrath
  5305 | D:7      | Reached skill level 10 in Long Blades
  5319 | D:7      | Identified the +0 spear of Frustration {freeze, rElec
                  | Dex+2}
  5319 | D:7      | Noticed a tengu warrior
  5435 | D:7      | Found an ancient bone altar of Kikubaaqudgha.
  5437 | D:7      | Found a sparkling altar of Nemelex Xobeh.
  5437 | D:7      | Found an iron altar of Okawaru.
  5560 | D:7      | Reached XP level 10. HP: 72/86 MP: 9/9
  5704 | D:7      | Reached skill level 10 in Shields
  6019 | D:8      | Noticed Gastronok
  6030 | D:8      | Killed Gastronok
  6122 | D:8      | Reached skill level 11 in Shields
  6192 | D:8      | Noticed a two-headed ogre
  6203 | D:8      | Killed a two-headed ogre
  6523 | D:8      | Reached XP level 11. HP: 89/95 MP: 10/10
  6821 | D:7      | Became a worshipper of Warmaster Okawaru
  6884 | D:9      | Found a staircase to the Orcish Mines.
  6954 | D:9      | Found a runed translucent door.
  6954 | D:9      | Noticed Curus's ghost (novice DrBe)
  7230 | D:9      | Got a jewelled hand axe
  7231 | D:9      | Identified the +7 hand axe "Luhy" {protect, rPois Int+3
                  | Dex+4} (You found it on level 9 of the Dungeon)
  7315 | D:9      | Reached * piety under Okawaru
  7331 | D:9      | Reached skill level 12 in Shields
  7361 | D:9      | Noticed a three-headed hydra
  7365 | D:9      | Killed a one-headed hydra
  7652 | D:10     | Entered Level 10 of the Dungeon
  7805 | D:10     | Reached skill level 10 in Armour
  7866 | D:10     | Reached ** piety under Okawaru
  7979 | D:10     | Found a staircase to the Lair.
  8255 | D:10     | Noticed a two-headed ogre
  8262 | D:10     | Killed a two-headed ogre
  8532 | D:10     | Found an iron altar of Okawaru.
  8719 | D:11     | Found a snail-covered altar of Cheibriados.
  8748 | D:11     | Reached *** piety under Okawaru
  9054 | D:11     | Noticed a death knight
  9087 | D:11     | Killed a death knight
  9087 | D:11     | Reached XP level 12. HP: 31/106 MP: 8/11
  9093 | D:11     | Reached **** piety under Okawaru
  9712 | D:11     | Reached skill level 10 in Fighting
 10107 | D:12     | Reached skill level 13 in Shields
 10203 | D:12     | Noticed Fannar
 10239 | D:12     | Killed Fannar
 10401 | D:12     | Reached ***** piety under Okawaru
 10898 | D:7      | Killed Kaiern's ghost
 10917 | D:7      | Killed a tengu warrior
 10917 | D:7      | Received a gift from Okawaru
 11115 | D:9      | Killed Curus's ghost
 11180 | Lair:1   | Entered Level 1 of the Lair of Beasts
 11180 | Lair:1   | Noticed Joseph
 11190 | Lair:1   | Reached skill level 14 in Shields
 11203 | Lair:1   | Killed Joseph
 11203 | Lair:1   | Reached skill level 1 in Invocations
 11527 | Lair:1   | Received a gift from Okawaru
 11640 | Lair:1   | Noticed an eight-headed hydra
 11651 | Lair:1   | Killed a two-headed hydra
 11651 | Lair:1   | Reached XP level 13. HP: 95/116 MP: 12/12
 11966 | Lair:1   | Lost intelligence.
 12780 | Lair:2   | Found a gate leading to a gauntlet.
 12809 | Gauntlet | Entered a Gauntlet
 12809 | Gauntlet | Found a transporter.
 12809 | Gauntlet | Found a transporter.
 12813 | Gauntlet | Found a transporter.
 12813 | Gauntlet | Found a transporter.
 12815 | Gauntlet | Found a large runed translucent door.
 12816 | Gauntlet | Found a large runed translucent door.
 12817 | Gauntlet | Found a large runed translucent door.
 12817 | Gauntlet | Found a large runed translucent door.
 12817 | Gauntlet | Found a runed translucent door.
 12817 | Gauntlet | Found a runed translucent door.
 12818 | Gauntlet | Found a large runed translucent door.
 12818 | Gauntlet | Found a large runed translucent door.
 12818 | Gauntlet | Found a large runed translucent door.
 12818 | Gauntlet | Found a large runed translucent door.
 12819 | Gauntlet | Found a large runed translucent door.
 12819 | Gauntlet | Found a large runed translucent door.
 12819 | Gauntlet | Found a large runed translucent door.
 12820 | Gauntlet | Found a large runed translucent door.
 12826 | Gauntlet | Found a transporter.
 12836 | Gauntlet | Found a large runed translucent door.
 12836 | Gauntlet | Found a large runed translucent door.
 12837 | Gauntlet | Found a runed translucent gate.
 12837 | Gauntlet | Found a runed translucent gate.
 12837 | Gauntlet | Found a runed translucent gate.
 12838 | Gauntlet | Noticed a blizzard demon
 12839 | Gauntlet | Found a transporter.
 12849 | Gauntlet | Found a large runed translucent door.
 12850 | Gauntlet | Found a large runed translucent door.
 12853 | Gauntlet | Found a transporter.
 12853 | Gauntlet | Found a transporter.
 12865 | Gauntlet | Found a transporter.
 12892 | Gauntlet | Found a transporter.
 12900 | Gauntlet | Found a transporter.
 12934 | Gauntlet | Found a transporter.
 12975 | Gauntlet | Found a transporter.
 12995 | Gauntlet | Found a transporter.
 13120 | Gauntlet | Found a transporter.
 13138 | Gauntlet | Found a transporter.
 13359 | Gauntlet | Got a slimy ivory amulet
 13366 | Gauntlet | Identified the amulet "Yweossism" {Gourm *Corrode Int+4
                  | Stlth+} (You found it in a Gauntlet)
 13506 | Gauntlet | Got a shimmering cloak
 13517 | Gauntlet | Identified the cursed +0 cloak of the Morning Star {*Slow
                  | +Fly rN+++ MR+} (You found it in a Gauntlet)
 13679 | Gauntlet | Noticed a minotaur
 13703 | Gauntlet | Killed a minotaur
 13786 | Lair:2   | Found a staircase to the Snake Pit.
 13913 | Lair:2   | Reached skill level 15 in Shields
 14591 | Lair:3   | Noticed Nergalle
 15095 | Lair:3   | Killed Nergalle
 15320 | Lair:3   | Found a staircase to the Shoals.
 16533 | Lair:3   | Received a gift from Okawaru
 17743 | D:13     | Reached skill level 16 in Shields
 17980 | D:13     | Reached XP level 14. HP: 126/126 MP: 14/14
 18437 | D:13     | Received a gift from Okawaru
 18452 | D:13     | Reached skill level 5 in Dodging
 18460 | D:13     | Got an iridescent scimitar {god gift}
 18461 | D:13     | Identified the +2 scimitar of Liberalism {freeze, Str+3}
                  | (Okawaru gifted it to you on level 13 of the Dungeon)
 18679 | D:13     | Found a gate to the Vaults.
 18818 | Orc:1    | Entered Level 1 of the Orcish Mines
 19121 | Orc:2    | Entered Level 2 of the Orcish Mines
 19196 | Orc:2    | Found Hahitead's Food Shoppe.
 20028 | Orc:2    | Received a gift from Okawaru
 20215 | Orc:2    | Found Opsuc's General Store.
 20244 | Orc:2    | Found Nashel's Assorted Antiques.
 20244 | Orc:2    | Found Dinahiju's General Store.
 20450 | Orc:2    | Found a staircase to the Elven Halls.
 20467 | Orc:2    | Noticed an orc warlord
 20504 | Orc:2    | Killed an orc warlord
 20507 | Orc:2    | Found Gavubal's Book Shop.
 20852 | Orc:1    | Found a roughly hewn altar of Beogh.
 21065 | D:14     | Reached skill level 17 in Shields
 21078 | D:14     | Received a gift from Okawaru
 21230 | D:14     | Reached skill level 1 in Stealth
 21329 | D:14     | Reached skill level 15 in Long Blades
 22010 | D:15     | Entered Level 15 of the Dungeon
 22339 | D:15     | Reached XP level 15. HP: 134/136 MP: 15/15
 22398 | D:15     | Found a staircase to the Depths.
 22398 | D:15     | Noticed a fire giant
 22701 | D:15     | Killed a fire giant
 22701 | D:15     | Reached skill level 15 in Armour
 22802 | D:15     | Received a gift from Okawaru
 22805 | D:15     | Got a crude scale mail {god gift}
 22816 | D:15     | Identified the +0 scale mail of the Lute {Regen+ Str+6}
                  | (Okawaru gifted it to you on level 15 of the Dungeon)
 23647 | Lair:5   | Reached skill level 18 in Shields
 23901 | Lair:5   | Found a staircase to the Slime Pits.
 24268 | Lair:6   | Entered Level 6 of the Lair of Beasts
 24303 | Lair:5   | Got a crystal morningstar
 24304 | Lair:5   | Identified the cursed +2 morningstar "Tuipt" {drain, rF+
                  | rN+} (You found it on level 5 of the Lair of Beasts)
 24329 | Lair:5   | Reached ****** piety under Okawaru
 25036 | Lair:6   | Got a faintly humming scale mail
 25047 | Lair:6   | Identified the +9 scale mail of Cion {Dex+2} (You found it
                  | on level 6 of the Lair of Beasts)
 26192 | Lair:6   | Received a gift from Okawaru
 27266 | Lair:6   | Reached skill level 19 in Shields
 27302 | Lair:6   | Reached XP level 16. HP: 135/147 MP: 16/16
 27423 | Shoals:1 | Entered Level 1 of the Shoals
 27671 | Shoals:1 | Drowned by a drowned soul

Levels and vault maps discovered:
D:1:      wander_arrival_estate, layout_loops_ring, dk_noncrumbling_3
D:2:      layout_basic, first_ration
D:3:      layout_basic, xom_redecorated
D:4:      layout_basic, serial_shops, nicolae_shop_window_shopping,
          serial_bayou_pond_e, kennysheep_windowed_goal
D:5:      layout_rooms, fedhas_ov_isle_minmay,
          minmay_temple_entry_statues_fountains, basic_altar,
          grunt_ministairs_6, eino_tiny_chamber, guppyfry_early_orc_mine,
          uniq_edmund, uniq_eustachio, uniq_pikel
D:6:      layout_gridville, nicolae_overflow_crystal_walls,
          lemuel_altar_in_water2, uniq_sigmund
D:7:      layout_gridville, grunt_temple_overflow_open,
          gammafunk_ghost_wrathful_warriors, chequers_jeans
D:8:      layout_loops_ring, uniq_gastronok
D:9:      layout_cave_pools, orc_0_dummy, ebering_ghost_reflecting_pool,
          hangedman_ranch [blue_anna_fruit_fields]
D:10:     layout_loops_corners, minmay_lair_entry_grove,
          minmay_stone_trees_medium, okawaru_ov_weapons_minmay
D:11:     layout_basic, basic_altar, grunt_decor_mini_mirrors,
          fungi_pond_lemuel, minmay_between
D:12:     layout_irregular_city, minmay_stone_trees_small,
          minmay_misc_feat_plants, uniq_fannar
D:13:     layout_gridville, david_vaults_4
D:14:     layout_irregular_city, nicolae_two_hexagons,
          chequers_serial_rivers_micro_b
D:15:     grunt_enter_depths_giant_problem, layout_loops_corners,
          minmay_misc_feat_tiny, kb_rosetta
Temple:   eino_temple_rhombus
Lair:1:   layout_cave_pods, disabler_island, serial_bayou_shore_b, uniq_joseph
Lair:2:   layout_hall_layers, dummy_snake_entry, gauntlet_entry_generic,
          patterned_corridor, grunt_megastairs_4
Lair:3:   layout_layer_cave, shoals_dummy_entry, lemuel_fruit_tree,
          infiniplex_staircase_pool_2, uniq_nergalle
Lair:4:   layout_regular_city, kilobyte_rumbling_trees, grunt_megastairs_5
Lair:5:   layout_misc_corridors, minmay_slime_entry_pillars
Lair:6:   hangedman_lair_caniforms_friends, layout_cave_pods,
          guppyfry_lair_end_dragon, lemuel_fruit_fields
Shoals:1: layout_shoals
Orc:1:    layout_caves, david_defended_altar_orc
Orc:2:    st_orc_elflike, layout_caves, serial_shops, shop

Skill      XL: |  1  2  3  4  5  6  7  8  9 10 11 12 13 14 15 |
---------------+----------------------------------------------+-----
Shields        | 4 5 6 7 9 11 12 14 16 17 19 | 19.2
Long Blades    | 3 4 5 6 7 8 10 12 13 14 15 16 | 16.4
Fighting       | 4 5 6 7 8 9 11 12 13 14 | 14.6
Armour         | 4 5 6 7 8 9 11 12 14 15 | 15.4
Dodging        | 1 3 4 5 6 |  6.3
Invocations    | 1 2 |  2.6
Stealth        | 1 |  1.4
Evocations     | |  0.4

Action                   |  1- 3 |  4- 6 |  7- 9 | 10-12 | 13-15 | 16-18 || total
-------------------------+-------+-------+-------+-------+-------+-------++-------
Melee: Long sword        |   139 |   162 |   424 |   242 |       |       ||   967
       Headbutt          |    14 |    32 |    93 |   278 |   614 |    30 ||  1061
       Falchion          |       |       |       |   773 |  1207 |       ||  1980
       Scimitar          |       |       |       |       |   675 |       ||   675
       Double sword      |       |       |       |       |   119 |    82 ||   201
Invok: Heroism           |       |       |       |     6 |    16 |     2 ||    24
       Finesse           |       |       |       |       |     2 |       ||     2
Evoke: Wand              |       |       |       |       |     8 |       ||     8
  Use: Potion            |     3 |       |       |     2 |     2 |     3 ||    10
       Scroll            |       |       |       |     7 |    17 |       ||    24
 Stab: Confused          |       |       |       |       |     1 |       ||     1
  Eat: Chunk             |     2 |     5 |     9 |    21 |    41 |       ||    78
       Ration            |       |       |       |       |     4 |       ||     4
Armor: Chain mail        |   107 |   103 |   116 |       |       |       ||   326
       Scale mail        |     2 |       |       |       |   165 |    22 ||   189
       Plate armour      |       |       |   146 |   317 |   589 |       ||  1052
Dodge: Dodged            |    46 |    44 |   153 |   203 |   570 |    17 ||  1033
Block: Shield            |    78 |   108 |   289 |   554 |  1509 |    58 ||  2596
       Reflection        |       |       |       |       |     4 |       ||     4
       Rpst.: Long sword |    16 |    11 |    41 |    14 |       |       ||    82
       Falchion          |       |       |       |    37 |    76 |       ||   113
       Scimitar          |       |       |       |       |    40 |       ||    40
       Double sword      |       |       |       |       |    11 |     5 ||    16
